 Dungeon Crawl Stone Soup version 0.26-a0-84-g8c18429211 (webtiles) character file.

Game seed: 1663157006405838858

25601 EnemyBeauty the Fighter (level 12, -1/117 HPs)
             Began as a Minotaur Berserker on June 11, 2020.
             Was the Champion of Trog.
             Slain by a manticore (6 damage)
             ... on level 2 of the Lair of Beasts on June 17, 2020.
             The game lasted 01:11:46 (18356 turns).

EnemyBeauty the Fighter (Minotaur Berserker)       Turns: 18356, Time: 01:11:47

Health: -1/117     AC: 12    Str: 23    XL:     12   Next: 90%
Magic:  12/12      EV: 17    Int:  4    God:    Trog [******]
Gold:   1030       SH:  5    Dex: 14    Spells: 11/11 levels left

rFire    + + .     SeeInvis .   j - +8 battleaxe
rCold    . . .     Gourm    .   (shield currently unavailable)
rNeg     . . .     Faith    .   f - +0 ring mail
rPois    .         Spirit   .   (helmet restricted)
rElec    .         Reflect  +   D - +1 cloak
rCorr    .         Harm     .   U - +0 pair of gloves
MR       +....                  (no boots)
Stlth    +.........             i - amulet of reflection
HPRegen  0.29/turn              l - ring of protection from cold
MPRegen  0.13/turn              B - ring of fire

@: lethally poisoned (-1 -> -1), berserk cooldown
A: retaliatory headbutt, horns 2, fire resistance 1, magic resistance 1
a: Berserk, Trog's Hand, Brothers in Arms, Renounce Religion


You were on level 2 of the Lair of Beasts.
You worshipped Trog.
Trog was exalted by your worship.
You were not hungry.

You visited 2 branches of the dungeon, and saw 14 of its levels.

You collected 1030 gold pieces.

Inventory:

Hand Weapons
 a - a +3 hand axe of freezing
 b - a +0 hunting sling
 h - a +1 war axe
 j - a +8 battleaxe (weapon)
 y - a +0 war axe
 O - a +2 glaive of venom
 R - a +2 war axe
Missiles
 p - 284 stones (quivered)
Armour
 f - a +0 ring mail (worn)
 D - a +1 cloak (worn)
 U - a +0 pair of gloves (worn)
 W - a +2 buckler
Jewellery
 d - an uncursed amulet of the acrobat
 i - an amulet of reflection (around neck)
 l - a ring of protection from cold (left hand)
 B - a ring of fire (right hand)
 I - a cursed -4 ring of dexterity {unknown}
 L - an uncursed ring of positive energy {unknown}
 M - an uncursed ring of positive energy {unknown}
 Y - a +6 ring of intelligence {unknown}
Wands
 s - a wand of iceblast (17)
 w - a wand of clouds (20)
 E - a wand of paralysis (22)
 F - a wand of acid (4)
 G - a wand of flame (19)
 N - a wand of digging (6)
 S - a wand of random effects (16)
Scrolls
 g - 5 scrolls of teleportation
 k - 5 scrolls of remove curse
 m - 3 scrolls of fear
 u - 2 scrolls of immolation
 x - a scroll of silence
 C - 2 scrolls of blinking {unknown}
 Q - 2 scrolls of magic mapping
 V - a scroll of fog
Potions
 e - 5 potions of flight
 n - 2 potions of stabbing
 o - a potion of might
 q - 2 potions of lignification
 r - a potion of resistance {unknown}
 t - a potion of curing
 v - 2 potions of mutation
 z - a potion of ambrosia {unknown}
 A - a potion of brilliance {unknown}
 J - 3 potions of heal wounds {unknown}
 K - a potion of magic {unknown}
 P - a potion of invisibility {unknown}
 T - 2 potions of haste {unknown}
Miscellaneous
 X - a box of beasts
Comestibles
 c - 26 rations


   Skills:
 * Level 14.0 Fighting
 * Level 14.0 Axes
 - Level 13.2 Armour
 - Level 10.0 Dodging
 + Level 1.9 Evocations


You had 11 spell levels left.
You didn't know any spells.
Your spell library was empty.

Dungeon Overview and Level Annotations

Branches:
Dungeon (12/15)            Temple (0/1) D:7            Lair (2/6) D:8
 Shoals (0/4) Lair:2          Orc (0/2) D:9
  Snake: Lair:2-4    Spider: Lair:2-4

Altars:
Gozag
Hepliaklqana
Kikubaaqudgha
Makhleb
Nemelex Xobeh
Okawaru
Ru
Uskayaw
Wu Jian
Xom
Zin


Innate Abilities, Weirdness & Mutations

You reflexively headbutt those who attack you in melee.
You have a pair of horns on your head.
Your flesh is heat resistant. (rF+)
You are resistant to hostile enchantments. (MR+)


Message History

You block the manticore's attack. x2; The manticore misses you.
You slice the manticore!!
You headbutt the manticore, but do no damage.
The manticore is almost dead.
You feel yourself speed up.
You feel sick. The manticore barely misses you. You furiously retaliate!
You headbutt the manticore. The manticore claws you!
* * * LOW HITPOINT WARNING * * *
The manticore claws you.
* * * LOW HITPOINT WARNING * * *
You block the manticore's attack.
The manticore claws you but does no damage.
The manticore completely misses you.
You barely miss the manticore.
The manticore is almost dead.
The manticore bites you!
* * * LOW HITPOINT WARNING * * *
The manticore claws you but does no damage.
The manticore claws you.
You die...

.. ##.. . .. #.....
.#.# #....... ...
##.......# . #..
###........#[
...##.##.........#.#
#.......##.#....#.##
#....H#†.#.#....#.#
#.#...#@##.#.#...#. .
#...#†###.#...#.# .#
#.....#. ##.#..#.##.#
#..... .###.#...#..#.
.....# #.#...#
###.#.†...##.#. .....#
#.#...#. #.#.÷†........
....# . .....#.
##.#†.....P... ....#.
.#...#.#.##.#..........
<....#
.......#..#.÷.........


You could see a manticore.

Vanquished Creatures
  Gastronok (Lair:1)
  Harold (D:7)
  2 two-headed ogres
  An unseen horror (D:12)
  A manticore (D:11)
  An ugly thing (D:12)
  Maurice (D:10)
  Psyche (D:8)
  2 spiny frogs (Lair:1)
  A gargoyle (D:12)
  2 rime drakes
  3 trolls
  A harpy skeleton (D:12)
  4 blink frogs (Lair:2)
  10 slime creatures
  7 hippogriffs
  A spriggan (D:7)
  39 yaks
  3 basilisks
  A hungry ghost (D:11)
  5 water moccasins
  A porcupine (Lair:1)
  An ice beast (D:6)
  An orc warrior (D:11)
  A black bear (D:7)
  5 sky beasts
  4 ogres
  7 centaurs
  3 crocodiles
  A big kobold (D:10)
  5 bullfrogs
  3 scorpions
  2 troll zombies (D:9)
  41 killer bees
  13 wights
  3 jellies
  A vampire bat (D:6)
  4 howler monkeys
  8 crimson imps
  3 bullfrog zombies
  4 hounds
  A bullfrog skeleton (D:4)
  4 centaur skeletons
  2 gnoll shamans
  An orc priest (D:5)
  3 orc wizards
  6 iguanas
  8 worker ants
  4 ogre zombies (D:9)
  A hound skeleton (D:8)
  2 worker ant zombies
  18 adders
  10 gnolls
  3 shadow imps
  2 oozes
  An adder zombie (D:6)
  3 worms
  4 leopard geckos
  14 orcs
  A ball python (D:5)
  16 bats
  6 giant cockroaches
  10 goblins
  7 hobgoblins
  19 jackals
  8 quokkas
  7 frilled lizards
  A goblin skeleton (D:9)
  A goblin zombie (D:9)
  A hobgoblin skeleton (D:9)
  4 hobgoblin zombies (D:9)
  14 kobolds
  A leopard gecko skeleton (D:5)
  An orc skeleton (D:9)
  2 orc zombies (D:9)
  9 rats
  2 fungi
396 creatures vanquished.

Vanquished Creatures (collateral kills)
  3 hungry ghosts
  An ogre (D:8)
  2 killer bees (Lair:2)
  An orc priest (D:9)
  Crazy Yiuf (D:7)
  2 ogre zombies (D:9)
  A gnoll (D:7)
  A goblin zombie (D:9)
  5 hobgoblin zombies (D:9)
  2 orc skeletons (D:9)
  7 orc zombies (D:9)
26 creatures vanquished.

Vanquished Creatures (others)
  A human (D:7)
1 creature vanquished.

Grand Total: 423 creatures vanquished

Notes
Turn   | Place    | Note
-------+----------+-------------------------------------------
     0 | D:1      | EnemyBeauty the Minotaur Berserker began the quest for the
                  | Orb.
     0 | D:1      | Reached XP level 1. HP: 19/19 MP: 0/0
   410 | D:1      | Reached XP level 2. HP: 26/27 MP: 1/1
   855 | D:2      | Reached XP level 3. HP: 30/33 MP: 2/2
   900 | D:2      | Reached ** piety under Trog
  1016 | D:2      | Found a faded altar of an unknown god.
  1450 | D:2      | Reached XP level 4. HP: 37/40 MP: 3/3
  1905 | D:2      | Found an ornate altar of the Wu Jian Council.
  2365 | D:3      | Reached *** piety under Trog
  2705 | D:3      | Reached XP level 5. HP: 14/47 MP: 4/4
  3449 | D:3      | Upgraded the game from 0.26-a0-64-g059e62fbdb to
                  | 0.26-a0-67-g850bfe61e3
  3449 | D:3      | Upgraded the game from 0.26-a0-67-g850bfe61e3 to
                  | 0.26-a0-83-g7ccd015ce0
  3893 | D:4      | Reached skill level 5 in Fighting
  3894 | D:4      | Reached skill level 5 in Axes
  3905 | D:4      | Reached XP level 6. HP: 27/56 MP: 5/5
  4927 | D:5      | Entered Level 5 of the Dungeon
  5083 | D:5      | Reached skill level 5 in Armour
  5112 | D:5      | Found a sparkling altar of Nemelex Xobeh.
  5119 | D:5      | Reached XP level 7. HP: 50/61 MP: 6/6
  5323 | D:5      | Found a burning altar of Makhleb.
  5420 | D:5      | Reached **** piety under Trog
  5768 | D:5      | Found an opulent altar of Gozag.
  6068 | D:5      | Reached skill level 5 in Dodging
  6296 | D:6      | Found a sacrificial altar of Ru.
  6298 | D:6      | Found an opulent altar of Gozag.
  6546 | D:6      | Reached XP level 8. HP: 71/71 MP: 7/7
  8006 | D:7      | Found a glowing silver altar of Zin.
  8013 | D:7      | Noticed a hippogriff
  8022 | D:7      | Killed a hippogriff
  8327 | D:7      | Found a runed translucent door.
  8328 | D:7      | Noticed Crazy Yiuf
  8352 | D:7      | Killed Crazy Yiuf
  8391 | D:7      | Found a hazy altar of Hepliaklqana.
  8579 | D:7      | Reached XP level 9. HP: 81/81 MP: 8/8
  9008 | D:7      | Found a staircase to the Ecumenical Temple.
  9032 | D:7      | Noticed Harold
  9042 | D:7      | Killed Harold
  9305 | D:7      | Found an ancient bone altar of Kikubaaqudgha.
  9719 | D:8      | Found a hide-covered altar of Uskayaw.
 10295 | D:8      | Noticed Psyche
 10311 | D:8      | Killed Psyche
 10311 | D:8      | Reached XP level 10. HP: 81/92 MP: 9/9
 10581 | D:8      | Found a staircase to the Lair.
 10838 | D:9      | Found an iron altar of Okawaru.
 10895 | D:9      | Found a staircase to the Orcish Mines.
 10934 | D:9      | Reached skill level 10 in Fighting
 10934 | D:9      | Reached skill level 10 in Axes
 10940 | D:9      | Reached ***** piety under Trog
 11176 | D:9      | Reached skill level 10 in Armour
 12265 | D:10     | Entered Level 10 of the Dungeon
 12279 | D:10     | Reached XP level 11. HP: 93/102 MP: 10/10
 12374 | D:10     | Received a gift from Trog
 12614 | D:10     | Upgraded the game from 0.26-a0-83-g7ccd015ce0 to
                  | 0.26-a0-84-g8c18429211
 12991 | D:10     | Noticed a two-headed ogre
 13037 | D:10     | Killed a two-headed ogre
 13126 | D:10     | Noticed Maurice
 13136 | D:10     | Killed Maurice
 13441 | D:11     | Noticed a two-headed ogre
 13447 | D:11     | Killed a two-headed ogre
 13980 | D:11     | Found a shimmering altar of Xom.
 14840 | D:11     | Gained mutation: Your flesh is heat resistant. (rF+)
                  | [potion of mutation]
 14840 | D:11     | Gained mutation: You are resistant to hostile enchantments.
                  | (MR+) [potion of mutation]
 15417 | D:12     | Killed an unseen horror
 15559 | D:12     | Reached XP level 12. HP: 113/113 MP: 11/11
 16314 | Lair:1   | Entered Level 1 of the Lair of Beasts
 16583 | Lair:1   | Noticed Gastronok
 16602 | Lair:1   | Killed Gastronok
 16602 | Lair:1   | Reached ****** piety under Trog
 17687 | Lair:2   | Found a staircase to the Shoals.
 18111 | Lair:2   | Reached skill level 1 in Evocations
 18312 | Lair:2   | Reached skill level 10 in Dodging
 18341 | Lair:2   | Received a gift from Trog
 18356 | Lair:2   | HP: 5/117 [manticore (13)]
 18356 | Lair:2   | Slain by a manticore

Illustrated notes

Levels and vault maps discovered:
D:1:      heliophobic_arrival_ceremonial_halls, layout_loops_ring
D:2:      layout_loops_cross, marbit_many_paths,
          chequers_ecumenical_altar_island, minmay_octomino_e4
D:3:      layout_loops_corners, gup_sewer_entry_pipe
D:4:      layout_basic, first_ration
D:5:      layout_basic, nemelex_xobeh_ov_fountains_minmay,
          makhleb_grotto_becter, lemuel_tele_altar
D:6:      minmay_spotlight, layout_layer_cave, nicolae_overflow_hidden_temple,
          nrook_uturn, roderic_batcave
D:7:      layout_basic, zin_academy, lemuel_doored_altar,
          minmay_temple_entry_junction_2, the_bakery, chequers_avenue,
          tgw_kikubaaqudgha, uniq_harold, uniq_crazy_yiuf_cottage
D:8:      layout_rooms, eat_drink_and_be_merry_uskayaw, lair_entry_dummy,
          serial_co_window_serial, co_window_corner_a, co_window_paths_a,
          co_window_paths_a, co_window_paths_b, co_window_of_opportunity_a,
          co_window_paths_a, co_window_corner_a, co_window_2corner,
          co_window_corner_b, co_window_of_opportunity_c, co_window_broadway_a,
          co_window_paths_c, co_window_2corner, co_window_of_opportunity_b,
          uniq_psyche
D:9:      layout_gridville, zombieorc2_lemuel, minivault_25_ag,
          okawaru_ov_weapons_minmay
D:10:     layout_loops_ring, uniq_maurice
D:11:     layout_loops_ring, basic_altar, kennysheep_generic_room_5
D:12:     layout_rooms
Lair:1:   layout_cave_pods, chequers_serial_rivers_micro_c, uniq_gastronok
Lair:2:   regret_index_bee_streams, layout_chaotic_city, shoals_dummy_entry,
          portal_ice_cave_demonic_guard, infiniplex_staircase_pool_2,
          serial_bayou_shore_b, minmay_lair_oklob_chamber

Skill      XL: |  1  2  3  4  5  6  7  8  9 10 11 12 |
---------------+-------------------------------------+-----
Fighting       | 4 5 6 8 9 11 12 14 | 14.0
Axes           | 4 5 6 8 9 11 12 14 | 14.0
Armour         | 3 4 5 6 7 9 10 12 13 | 13.2
Dodging        | 3 4 5 6 7 8 9 10 | 10.0
Evocations     | 1 |  1.9

Action                   |  1- 3 |  4- 6 |  7- 9 | 10-12 || total
-------------------------+-------+-------+-------+-------++-------
Melee: Hand axe          |    71 |   212 |   198 |   145 ||   626
       Headbutt          |     7 |    24 |    52 |   133 ||   216
       Battleaxe         |       |       |    76 |   384 ||   460
 Fire: Hunting sling     |       |       |    13 |    10 ||    23
Throw: Stone             |       |       |       |     5 ||     5
Invok: Berserk           |       |       |     3 |     5 ||     8
       Brothers in Arms  |       |       |     1 |     3 ||     4
  Use: Scroll            |     1 |    10 |     2 |    12 ||    25
       Potion            |     1 |       |       |     4 ||     5
 Stab: Sleeping          |     1 |       |       |       ||     1
  Eat: Chunk             |     2 |     8 |    16 |    18 ||    44
       Ration            |       |     1 |     1 |     6 ||     8
Armor: Animal skin       |    10 |    26 |       |       ||    36
       Ring mail         |       |       |    67 |   132 ||   199
Dodge: Dodged            |    55 |   134 |   183 |   336 ||   708
Block: Other             |       |    11 |    65 |    87 ||   163
       Reflection        |       |     1 |     1 |     3 ||     5

Table legend:
 A = Non-vault XP
 B = Vault XP
 C = Vault XP percentage of total XP
 D = Non-vault monster count
 E = Vault monster count
 F = Vault count percentage of total count
                 A         B        C        D         E       F
            +---------+---------+-------+---------+---------+-------
      Total |   27109 |    9464 |  25.9 |     312 |     108 |  25.7
            +---------+---------+-------+---------+---------+-------
        D:1 |      28 |       0 |   0.0 |      18 |       0 |   0.0
        D:2 |      92 |      12 |  11.5 |      22 |       5 |  18.5
        D:3 |      90 |      11 |  10.9 |      27 |       4 |  12.9
        D:4 |     291 |       0 |   0.0 |      25 |       0 |   0.0
        D:5 |     568 |      11 |   1.9 |      18 |       1 |   5.3
        D:6 |     892 |     182 |  16.9 |      17 |      13 |  43.3
        D:7 |     814 |    1261 |  60.8 |      20 |       3 |  13.0
        D:8 |    1421 |     424 |  23.0 |      29 |       1 |   3.3
        D:9 |    4035 |     556 |  12.1 |      28 |      36 |  56.2
       D:10 |    3270 |     445 |  12.0 |      26 |       1 |   3.7
       D:11 |    4865 |     223 |   4.4 |      24 |       2 |   7.7
       D:12 |    4898 |       0 |   0.0 |      32 |       0 |   0.0
     Lair:1 |    3139 |    2099 |  40.1 |      13 |       1 |   7.1
     Lair:2 |    2706 |    4240 |  61.0 |      13 |      41 |  75.9
            +---------+---------+-------+---------+---------+-------
